 Dungeon Sprint DCSS version 0.23.2-1-ga50397a6bc (webtiles) character file.

Game seed: 8413814404199454606

284 Kobolds4U the Carver (level 6, -7/51 HPs)
             Began as a Demonspawn Berserker on Apr 26, 2019.
             Was a Believer of Trog.
             Mangled by a yak (11 damage)
             ... in the Dungeon (Sprint I: "Red Sonja").
             The game lasted 00:01:04 (107 turns).

Kobolds4U the Carver (Demonspawn Berserker)          Turns: 107, Time: 00:01:05

Health: -7/51      AC:  3    Str: 17    XL:     6   Next: 7%
Magic:  6/6        EV: 12    Int:  9    God:    Trog [**....]
Gold:   54         SH:  0    Dex: 14    Spells: 5/5 levels left

rFire    . . .     SeeInvis .   a - +0 falchion
rCold    . . .     Gourm    .   (no shield)
rNeg     . . .     Faith    .   j - +0 leather armour
rPois    .         Spirit   .   (no helmet)
rElec    .         Reflect  .   (no cloak)
rCorr    .         Harm     .   (no gloves)
MR       .....     NoTele   +   (no boots)
Stlth    +.........             (no amulet)
HPRegen  0.17/turn              (no ring)
MPRegen  0.10/turn              (no ring)

@: no status effects
A: claws 2
a: Berserk, Trog's Hand, Renounce Religion


You were in the Dungeon.
You worshipped Trog.
Trog was pleased with you.
You were not hungry.

You visited 1 branch You collected 54 gold pieces.

Inventory:

Hand Weapons
 a - a +0 falchion (weapon)
Armour
 b - a +0 animal skin
 j - a +0 leather armour (worn)
Wands
 h - a wand of polymorph (5)
Scrolls
 i - a scroll of blinking
Potions
 d - a potion of curing
 g - 2 potions of magic
Comestibles
 c - a ration


   Skills:
 - Level 5.1 Fighting
 + Level 11.2 Long Blades
 - Level 1.7 Armour
 - Level 1.7 Dodging


You had 5 spell levels left.
You didn't know any spells.
Your spell library was empty.

Dungeon Overview and Level Annotations

Branches:
Dungeon (1/1)

Altars:
Cheibriados
Dithmenos
Elyvilon
Fedhas
Gozag
Hepliaklqana
Kikubaaqudgha
Okawaru
Qazlal
Ru
Sif Muna
Trog
Uskayaw
Vehumet
Wu Jian
Yredelemnul
Zin
The Shining One

Shops:
D }


Innate Abilities, Weirdness & Mutations

You have very sharp fingernails.


Message History

The yak is moderately wounded.
You closely miss the yak.
The yak is moderately wounded.
You hit the yak but do no damage.
The yak is moderately wounded.
You hit the yak but do no damage.
The yak is moderately wounded.
You feel yourself slow down. The yak gores you!
* * * LOW HITPOINT WARNING * * *
You hit the yak but do no damage.
The yak is moderately wounded.
The yak gores you.
* * * LOW HITPOINT WARNING * * *
You barely miss the yak.
The yak is moderately wounded.
You hit the yak but do no damage.
The yak is moderately wounded.
The yak gores you!
You die...

################
#<.#..)..#..'.$#
#..'..#..').#$.+
#..#####+#####'#
#..# #(#
#..#__## ##[#
#..#_____##+#_.+
#⌠⌠#_.∩..Y@..._#
####_..__##_.#+#
#____ ##+# ####


You could see a yak.

Vanquished Creatures
  Sigmund (D)
  An ogre (D)
  A jelly (D)
  Ijyb (D)
4 creatures vanquished.

Notes
Turn   | Place    | Note
-------+----------+-------------------------------------------
     0 | D        | Kobolds4U the Demonspawn Berserker began the quest for the
                  | Orb.
     0 | D        | Reached XP level 1. HP: 18/18 MP: 1/1
     2 | D        | Noticed Ijyb
    24 | D        | Killed Ijyb
    24 | D        | Reached skill level 5 in Fighting
    24 | D        | Reached skill level 4 in Long Blades
    24 | D        | Gained mutation: You have sharp fingernails. [demonic
                  | ancestry]
    24 | D        | Reached XP level 2. HP: 27/27 MP: 2/2
    41 | D        | Noticed an ogre
    53 | D        | Killed an ogre
    53 | D        | Reached skill level 8 in Long Blades
    53 | D        | Gained mutation: You have very sharp fingernails. [demonic
                  | ancestry]
    53 | D        | Reached XP level 3. HP: 30/33 MP: 3/3
    53 | D        | Reached XP level 4. HP: 36/39 MP: 4/4
    57 | D        | Noticed Sigmund
    72 | D        | Killed Sigmund
    72 | D        | Reached ** piety under Trog
    72 | D        | Reached skill level 10 in Long Blades
    72 | D        | Reached XP level 5. HP: 21/44 MP: 5/5
    81 | D        | Found an ornate altar of the Wu Jian Council.
    81 | D        | Found a deep blue altar of Sif Muna.
    83 | D        | Found a radiant altar of Vehumet.
    90 | D        | Reached skill level 11 in Long Blades
    90 | D        | Reached XP level 6. HP: 8/51 MP: 6/6
    95 | D        | Found Namet's Gadget Emporium.
    95 | D        | Found an ancient bone altar of Kikubaaqudgha.
    95 | D        | Found a hazy altar of Hepliaklqana.
    95 | D        | Found a stormy altar of Qazlal.
    95 | D        | Found a hide-covered altar of Uskayaw.
    95 | D        | Found a blossoming altar of Fedhas.
    95 | D        | Found a bloodstained altar of Trog.
    95 | D        | Found an iron altar of Okawaru.
    95 | D        | Found a basalt altar of Yredelemnul.
    95 | D        | Found a glowing golden altar of the Shining One.
    95 | D        | Found a snail-covered altar of Cheibriados.
    95 | D        | Found a sacrificial altar of Ru.
    95 | D        | Found a glowing silver altar of Zin.
    95 | D        | Found a shadowy altar of Dithmenos.
    95 | D        | Found a white marble altar of Elyvilon.
    95 | D        | Noticed a yak
    96 | D        | Found an opulent altar of Gozag.
   107 | D        | Mangled by a yak

Skill      XL: |  1  2  3  4  5 |
---------------+----------------+-----
Fighting       | 5 |  5.1
Long Blades    | 4 8 10 11 | 11.2
Armour         | |  1.7
Dodging        | |  1.7

Action                   |  1- 3 |  4- 6 || total
-------------------------+-------+-------++-------
Melee: Falchion          |    32 |    31 ||    63
  Use: Potion            |     2 |     1 ||     3
Armor: Skin              |    18 |       ||    18
       Leather armour    |       |     1 ||     1
Dodge: Dodged            |     7 |     5 ||    12
       Rpst.: Falchion   |       |     2 ||     2
